Map: Thunderbird LE

Players

liquidthermy (uThermal) - Winner!

  • Race: Terran Terran
  • Spawn Location: 5:00

llllllllllll (Stats)

  • Race: Protoss Protoss
  • League: Grandmaster
  • Spawn Location: 11:00

Event: HomeStory Cup XIX

VOD

Have the link to the VOD?

Description

Time

  • Played on: June 27, 2019, 2:38 p.m.
  • Length: 11:54

All games in this series

Show
View Real Time Build Order
Export as new Build Order

liquidthermy Terran - Winner!

Build Orders: Banshee Rush 

Get SALT Encoding   

  12  0:01  SCV  
  13  0:13  SCV  
  14  0:16  Supply Depot  
  14  0:25  SCV  
  14  0:27  Refinery  
  15  0:38  SCV  
  16  0:43  Barracks  
  16  0:50  SCV  
  17  1:02  SCV  
  18  1:14  SCV  
  19  1:30  Orbital Command, Barracks Reactor  
  19  1:42  Command Center  
  19  1:52  Supply Depot  
  19  1:56  SCV  
  20  2:06  Marine  
  20  2:07  Marine  
  23  2:08  SCV  
  23  2:14  Factory  
  23  2:20  SCV  
  24  2:24  Marine x2  
  26  2:32  SCV  
  27  2:42  Marine x2  
  29  2:44  SCV  
  29  2:46  Refinery  
  30  2:54  Orbital Command  
  31  2:59  Starport  
  31  3:04  Hellion  
  34  3:05  Hellion  
  34  3:07  SCV  
  35  3:13  Barracks Tech Lab  
  35  3:19  SCV  
  36  3:21  SCV  
  36  3:32  SCV  
  36  3:34  SCV  
  38  3:35  Factory Tech Lab  
  38  3:40  Marine  
  38  3:41  Marine, Banshee, Cloaking Field  
  40  3:44  SCV  
  40  3:46  SCV, Supply Depot  
  43  3:56  SCV  
  43  3:58  Marine, SCV  
  45  4:02  Marine  
  45  4:08  Siege Tank, SCV  
  46  4:10  SCV  
  46  4:13  Supply Depot  
  46  4:16  Marine  
  46  4:19  Bunker  
  46  4:20  Marine, SCV  
  46  4:22  SCV  
  49  4:24  Banshee  
  52  4:32  SCV  
  52  4:33  Barracks  
  52  4:34  SCV  
  52  4:35  Barracks  
  52  4:36  Marine  
  52  4:37  Supply Depot  
  55  4:41  Siege Tank  
  58  4:47  Engineering Bay, SCV  
  58  4:48  SCV  
  60  4:52  Marine  
  60  4:54  Refinery  
  60  4:59  SCV, Supply Depot  
  61  5:00  SCV  
  61  5:02  Marine  
  63  5:11  SCV  
  63  5:12  SCV  
  65  5:16  Missile Turret  
  65  5:17  Terran Infantry Weapons Level 1  
  65  5:18  Marine  
  63  5:21  Starport Reactor  
  63  5:23  SCV  
  63  5:24  Marine, Refinery  
  63  5:27  SCV  
  63  5:28  Factory Reactor  
  66  5:29  Marine x2  
  66  5:32  Stimpack  
  68  5:36  Marine  
  68  5:37  Supply Depot  
  68  5:42  Marine  
  69  5:45  Combat Shield, Missile Turret  
  69  5:47  Marine x2  
  72  5:54  Marine  
  73  5:57  Missile Turret  
  73  6:00  Marine, Supply Depot  
  76  6:04  Widow Mine x2  
  76  6:06  Marauder x2  
  76  6:08  Medivac  
  76  6:10  Supply Depot  
  84  6:12  Marine  
  84  6:18  Marine  
  86  6:20  Medivac  
  87  6:26  Marine, Widow Mine x2  
  87  6:27  Marauder  
  87  6:30  Marine  
  93  6:40  Marine  
  93  6:41  Medivac  
  93  6:45  Marauder, Command Center  
  97  6:47  Marine  
  97  6:48  Marauder  
  97  6:50  Medivac  
  97  6:53  Supply Depot  
  102  6:56  Supply Depot  
  102  7:05  Barracks x2  
  102  7:06  Supply Depot  
  102  7:11  Terran Infantry Armor Level 1  
  102  7:15  Marine x3, Widow Mine x2, SCV  
  110  7:18  SCV, Medivac  
  110  7:21  Medivac  
  115  7:25  Marauder  
  115  7:27  SCV  
  116  7:30  SCV  
  116  7:33  Marine x2  
  118  7:39  SCV  
  115  7:48  Marine, Medivac  
  115  7:49  Widow Mine  
  67  7:51  Medivac  
  111  7:52  Widow Mine  
  111  7:53  Marauder, Marine  
  111  7:57  Marauder  
  99  8:06  Orbital Command, SCV  
  99  8:08  Barracks Tech Lab x2, Liberator, Concussive Shells  
  99  8:10  SCV  
  99  8:12  Widow Mine  
  101  8:13  Liberator, Widow Mine  
  101  8:16  Marauder, Marine  
  101  8:18  SCV  
  107  8:22  Marine  
  107  8:23  SCV  
  110  8:36  Marauder, Marine x2  
  110  8:38  Marauder, Marine  
  110  8:39  SCV  
  116  8:42  SCV x2  
  116  8:46  Marine  
  114  8:54  Marine, Widow Mine x2  
  114  8:55  Marauder, Liberator  
  121  8:56  Marauder  
  121  8:57  Marine  
  121  9:00  Marine  
  119  9:03  SCV  
  119  9:07  Ghost Academy, Marine  
  121  9:15  Marauder, Widow Mine  
  121  9:16  Marauder  
  129  9:20  Marauder, Marine x2  
  129  9:22  Missile Turret  
  132  9:25  Supply Depot  
  132  9:26  Marine, Armory  
  132  9:29  Liberator, Widow Mine  
  135  9:36  Widow Mine  
  135  9:37  Marauder, Marine  
  135  9:38  Marine  
  141  9:41  Marauder  
  141  9:49  Marine  
  141  9:50  Marauder, Supply Depot  
  141  9:51  Supply Depot  
  145  9:57  Marauder, Marine  
  145  9:58  Marine  
  145  9:59  Widow Mine  
  144  10:03  Marauder  
  140  10:07  Marine, SCV  
  140  10:09  Supply Depot  
  140  10:10  Widow Mine  
  140  10:11  Marauder  
  140  10:13  Medivac  
  147  10:14  Marine  
  147  10:16  Marauder  
  147  10:18  Marine  
  146  10:23  Marine  
  146  10:25  Marine  
  143  10:31  Widow Mine  
  143  10:32  Marine  
  143  10:33  Marauder  
  148  10:36  Marauder  
  148  10:37  Marine  
  148  10:41  Widow Mine  
  148  10:42  Marauder  
  150  10:43  Marine  
  147  10:50  Marine  
  147  10:54  Marauder  
  147  10:55  Marine  
  146  10:57  Marine  
  146  11:00  SCV  
  146  11:01  Marine  
  146  11:03  Marine  
  150  11:07  SCV  
  150  11:08  Marine  
  150  11:13  Marauder  
  150  11:15  Marine  
  150  11:16  Marauder  
  152  11:18  Marine  
  152  11:20  Marine  
  147  11:26  Marine  
  147  11:29  Widow Mine  
  136  11:33  Marine  
  136  11:34  Marine  
  136  11:39  SCV  
Show
View Real Time Build Order
Export as new Build Order

llllllllllll Protoss 

Build Orders: 1 Gate Expand, Phoenix Opening, Blink Stalkers 

Get SALT Encoding   

  12  0:00  Probe  
  13  0:12  Probe  
  14  0:17  Pylon  
  14  0:24  Probe  
  15  0:32  Probe  
  15  0:34  Assimilator  
  15  0:40  Probe  
  16  0:45  Gateway  
  17  0:51  Probe  
  18  1:03  Probe  
  19  1:15  Probe  
  20  1:22  Nexus  
  20  1:27  Probe  
  21  1:33  Cybernetics Core  
  21  1:38  Assimilator  
  21  1:42  Probe  
  22  1:48  Pylon  
  22  1:54  Probe  
  23  2:00  Adept  
  23  2:06  Probe  
  24  2:09  Warp Gate  
  26  2:18  Probe  
  27  2:25  Twilight Council  
  27  2:26  Probe  
  27  2:30  Sentry  
  27  2:31  Probe  
  27  2:35  Probe  
  31  2:39  Probe  
  33  2:45  Probe  
  33  2:49  Probe  
  35  2:51  Blink  
  35  2:57  Probe  
  36  3:00  Gateway  
  36  3:01  Probe  
  36  3:03  Phoenix  
  37  3:09  Probe  
  37  3:10  Stalker  
  40  3:13  Probe  
  40  3:17  Pylon  
  41  3:22  Probe  
  41  3:25  Probe  
  43  3:34  Assimilator  
  43  3:36  Gateway  
  43  3:37  Robotics Facility  
  43  3:38  Probe x2  
  40  3:57  Stalker  
  40  4:00  Stalker  
  37  4:03  Probe x2  
  36  4:13  Probe x2  
  37  4:21  Probe x2  
  37  4:28  Observer  
  37  4:30  Probe x2  
  42  4:39  Probe, Nexus  
  42  4:42  Probe  
  44  4:47  Probe  
  44  4:48  Pylon  
  44  4:49  Observer  
  44  4:50  Stalker x2  
  44  4:52  Sentry  
  52  4:54  Probe  
  52  4:56  Probe  
  54  5:06  Probe  
  53  5:11  Probe  
  51  5:18  Probe  
  51  5:23  Probe  
  51  5:25  Stalker x2  
  51  5:27  Stalker, Pylon  
  58  5:30  Probe  
  58  5:32  Forge  
  58  5:33  Forge  
  58  5:35  Observer  
  60  5:40  Probe  
  60  5:42  Probe, Pylon  
  62  5:50  Probe  
  62  5:52  Probe  
  62  5:53  Probe  
  62  5:54  Charge  
  65  5:58  Probe  
  65  6:00  Probe  
  65  6:01  Probe  
  66  6:06  Probe, Pylon  
  66  6:08  Probe  
  70  6:22  Probe x3  
  73  6:28  Gateway  
  73  6:31  Gateway  
  73  6:34  Probe x3, Gateway  
  73  6:37  Observer  
  77  6:49  Immortal  
  77  6:50  Stalker x3, Protoss Ground Armor Level 1, Protoss Ground Weapons Level 1  
  77  6:54  Photon Cannon  
  81  6:58  Gateway  
  81  6:59  Gateway  
  85  7:02  Pylon  
  85  7:03  Photon Cannon  
  85  7:06  Photon Cannon  
  85  7:14  Sentry, Zealot x2  
  91  7:17  Probe x3  
  92  7:30  Zealot x3, Immortal  
  102  7:39  Zealot x3  
  95  7:51  Stalker x2, Zealot x2  
  99  8:00  Stalker x2  
  99  8:01  Stalker x2  
  99  8:02  Pylon  
  91  8:09  Pylon  
  91  8:10  Pylon  
  91  8:12  Pylon  
  91  8:15  Immortal  
  93  8:23  Sentry, Zealot x3  
  93  8:24  Zealot  
  101  8:27  Assimilator  
  101  8:28  Assimilator  
  101  8:30  Pylon  
  97  8:37  Zealot x3  
  95  8:48  Sentry x2  
  95  8:49  Zealot x3  
  95  8:50  Probe x2  
  95  8:51  Probe  
  95  8:53  Warp Prism  
  102  9:01  Zealot x3  
  102  9:11  Assimilator  
  102  9:13  Robotics Bay  
  102  9:17  Shield Battery x2  
  102  9:18  Sentry  
  102  9:22  Sentry  
  106  9:27  Zealot x6  
  118  9:42  Robotics Facility  
  114  9:54  Disruptor  
  114  9:58  Stalker x3  
  114  9:59  Stalker x2  
  114  10:04  Zealot x3  
  111  10:09  Pylon  
  111  10:11  Pylon  
  111  10:21  Disruptor  
  111  10:22  Stalker  
  111  10:23  Stalker x3  
  115  10:29  Zealot x4  
  115  10:31  Zealot x4  
  121  10:39  Disruptor  
  121  10:44  Pylon  
  107  10:50  Disruptor  
  107  10:54  Stalker x4  
  107  10:57  Zealot x2  
  123  11:10  Zealot x2  
  125  11:21  Zealot x3  
  125  11:22  Zealot x3  
  123  11:30  Zealot x2  
  93  11:44  Zealot x5  
  93  11:47  Zealot  
Tags
 
Add a new tag
Caveats
  • Supply blocks, unpowered buildings, or Contaminate may cause inaccurate times.
  • Supply counts are checked every 10 seconds.